 Dungeon Crawl Stone Soup version 0.21-a0-70-g32e1473 (webtiles) character file.

107027 xgamer67 the Bludgeoner (level 17, -1/190 HPs)
             Began as a Human Monk on June 18, 2017.
             Was a Priest of Fedhas.
             Slain by a swamp worm (12 damage)
             ... on level 2 of the Swamp on June 19, 2017.
             The game lasted 02:02:37 (42396 turns).

xgamer67 the Bludgeoner (Human Monk)               Turns: 42396, Time: 02:02:37

Health: -1/190     AC: 35    Str: 25    XL:     17   Next: 0%
Magic:  24/24      EV: 12    Int: 10    God:    Fedhas [***...]
Gold:   429        SH:  7    Dex: 18    Spells: 3/16 levels left

rFire    + + .     SeeInvis .   a - +2 eveningstar (freeze)
rCold    . . .     Gourm    .   i - +1 buckler {rF+}
rNeg     . . .     Faith    .   Q - +9 plate armour {ponderous}
rPois    .         Spirit   .   V - +1 helmet
rElec    .         Reflect  .   W - +0 cloak
rCorr    .         Harm     .   n - +2 pair of gloves {Str+3}
MR       ++...                  R - +1 pair of boots
Stlth    ..........             P - amulet of rage
HPRegen  0.41/turn              q - ring of protection from fire
MPRegen  0.19/turn              v - ring of protection from magic

@: berserking, very quick
A: no striking features
a: Fungal Bloom, Evolution, Sunlight, Growth, Renounce Religion, Evoke Berserk
Rage


You were on level 2 of the Swamp.
You worshipped Fedhas.
Fedhas was most pleased with you.
You were hungry.

You visited 4 branches of the dungeon, and saw 26 of its levels.

You collected 3100 gold pieces.
You spent 2671 gold pieces at shops.

Inventory:

Hand Weapons
 a - a +2 eveningstar of freezing (weapon)
 b - the +7 broad axe "Viesuallin" {chop, +Rage rElec rF+ MR+}
   (You found it on level 1 of the Lair of Beasts)

   It inflicts extra damage upon your enemies.
   It protects you from fire.
   It insulates you from electricity.
   It affects your resistance to hostile enchantments.
   It lets you go berserk.
Missiles
 S - 3 throwing nets (quivered)
Armour
 i - a +1 buckler of fire resistance (worn)
 n - a +2 pair of gloves of strength (worn)
 Q - a +9 plate armour of ponderousness (worn)
 R - a +1 pair of boots (worn)
 V - a +1 helmet (worn)
 W - a +0 cloak (worn)
Jewellery
 l - an uncursed ring of ice
 q - a ring of protection from fire (left hand)
 v - a ring of protection from magic (right hand)
 w - an uncursed ring of wizardry
 P - an amulet of rage (around neck)
Wands
 g - a wand of digging (12/24)
 h - a wand of acid (10/15)
 o - a wand of polymorph (9/24)
 s - a wand of flame (16/48)
 C - a wand of enslavement (12/24)
 E - a wand of lightning (5/15)
 J - a wand of scattershot (2/9)
 L - a wand of paralysis (17/24)
Scrolls
 f - 4 scrolls of fog
 y - 10 scrolls of remove curse
 A - 14 scrolls of teleportation
 B - 6 scrolls of fear
 F - 7 scrolls of magic mapping
 G - 2 scrolls of immolation
 K - a scroll of summoning
 O - 8 scrolls of identify
 T - 2 scrolls of amnesia
 U - 3 scrolls of recharging
Potions
 e - 10 potions of curing
 k - 4 potions of agility
 m - 4 potions of haste
 r - 3 potions of mutation
 t - a potion of resistance
 u - 2 potions of magic
 x - 6 potions of heal wounds
 D - 4 potions of might
 H - 2 potions of ambrosia
 I - a potion of cancellation
 N - 3 potions of brilliance
Books
 Z - a book of the Tempests

   Spells                             Type                      Level
   a - Static Discharge               Conjuration/Air              3
   b - Lightning Bolt                 Conjuration/Air              5
   c - Ignition                       Fire                         8
   d - Tornado                        Air                          9
   e - Shatter                        Earth                        9
Miscellaneous
 j - a lightning rod (4/4)
 X - a fan of gales
 Y - a sack of spiders
Comestibles
 c - 3 bread rations
 d - 39 fruits {!e}
 z - 13 meat rations


   Skills:
 + Level 9.8 Fighting
 - Level 5.6(12.9) Axes
 - Level 17.5(17.8) Maces & Flails
 - Level 13.0 Armour
 - Level 8.0 Dodging
 - Level 5.1 Stealth
 - Level 6.1 Shields
 + Level 9.3 Invocations
 - Level 7.0 Evocations


You had 3 spell levels left.
You knew the following spells:

 Your Spells              Type           Power        Failure   Level  Hunger
a - Lesser Beckoning      Tloc           #.........   100%        3    ####...
d - Passage of Golubria   Tloc           N/A          100%        4    #####..
e - Apportation           Tloc           #.....       97%         1    ##.....
f - Summon Butterflies    Summ           #.......     97%         1    ##.....
g - Passwall              Tmut/Erth      #.........   99%         2    ###....
h - Swiftness             Chrm/Air       #.......     99%         2    ###....


Dungeon Overview and Level Annotations

Branches:
Dungeon (15/15)            Temple (0/1) D:6            Lair (6/6) D:10
  Swamp (3/4) Lair:3       Spider (0/4) Lair:2        Slime (0/5) Lair:5
    Orc (2/2) D:11            Elf (0/3) Orc:2        Vaults (0/5) D:14
 Depths (0/5) D:15

Altars:
Ashenzari
Fedhas
Gozag
Makhleb
Okawaru
Ru
Sif Muna
Vehumet
The Shining One
Beogh
Jiyva

Shops:
D:6 ?   D:8 }   D:9 %(((   D:11 ([   Orc:1 (   Orc:2 [!!!

Annotations:
Swamp:3 Jorgrun


Message History

You block the swamp worm's attack. The swamp worm barely misses you.
You hit the swamp worm. You freeze the swamp worm.
The swamp worm is lightly wounded.
The swamp worm bites you.
* * * LOW HITPOINT WARNING * * *
The swamp worm bites you but does no damage.
You sock the swamp worm! You freeze the swamp worm.
The swamp worm is severely wounded.
The swamp worm bites you but does no damage.
The swamp worm bites you!
* * * LOW HITPOINT WARNING * * *
You block the swamp worm's attack.
You hit the swamp worm. You freeze the swamp worm.
The swamp worm is severely wounded.
You block the swamp worm's attack.
You bludgeon the swamp worm!! You freeze the swamp worm.
You kill the swamp worm!
The swamp worm bites you!
You die...
Fedhas appreciates your contribution to the ecosystem.

♣♣♣♣♣♣♣ ♣♣♣♣♣ ♣♣♣♣♣..♣♣≈♣♣
♣.≈.♣ ♣....≈≈@w≈≈♣ ..≈.♣
♣..≈≈≈≈ww≈≈♣ ♣♣♣♣♣♣ .≈..♣
♣♣♣≈....≈≈.♣♣♣≈...♣♣♣♣ .f♣♣♣
♣♣<...≈≈...♣≈.≈≈...♣♣ ≈f♣
♣♣...≈≈≈≈..♣.≈≈≈≈≈≈♣ ≈♣♣♣
♣♣..≈≈≈≈≈≈≈.♣≈≈≈§≈.♣ .<.♣♣
♣♣♣♣♣.≈≈≈≈≈≈≈≈≈..≈♣≈.≈♣♣
...≈♣
♣♣..≈..≈≈≈≈≈≈≈≈≈≈≈.(♣♣♣♣
≈≈.♣♣♣♣♣≈≈≈≈≈≈≈≈≈≈≈≈♣≈≈≈≈≈§.♣


You could see 3 swamp worms.

Vanquished Creatures
  Louise (Swamp:2)
  An orc warlord (Orc:1)
  A stone giant (Orc:2)
  3 vault guards
  11 hydras
  Fannar (Lair:2)
  Harold (D:11)
  4 centaur warriors
  2 tengu warriors
  4 two-headed ogres
  5 orc high priests
  5 alligators
  A death yak (D:10)
  Urug (Lair:2)
  5 skeletal warriors (D:15)
  2 swamp dragons
  A flayed ghost (D:15)
  7 orc sorcerers
  6 orc knights
  2 necromancers
  4 ugly things
  2 deep elf magi (D:14)
  6 manticores
  4 cyclopes
  An iron dragon skeleton (D:15)
  A fire giant skeleton (D:15)
  2 black mambas
  2 gargoyles
  14 spiny frogs
  5 yaktaurs (D:15)
  11 komodo dragons
  4 rime drakes
  5 trolls
  6 polar bears
  A yaktaur skeleton (D:15)
  2 tengu conjurers
  A tyrant leech (Swamp:2)
  6 hornets
  3 meliai (D:13)
  Prince Ribbit (D:9)
  4 blink frogs (Lair:4)
  A bog body (Swamp:2)
  19 slime creatures
  A dream sheep (Lair:6)
  An ice dragon zombie (D:15)
  8 hippogriffs
  3 shadows
  57 yaks
  11 spriggans
  4 wyverns
  3 basilisks
  2 wandering mushrooms
  A wraith (D:10)
  14 vampire mosquitoes
  5 swamp worms
  3 acid dragons
  A warg (Orc:1)
  2 soldier ants
  11 water moccasins
  27 orc warriors
  4 swamp drakes
  11 porcupines
  2 sky beasts
  3 ice beasts
  An eye of draining (D:11)
  2 black bears
  A necrophage (D:11)
  6 ogres
  9 boggarts
  18 wolves
  27 centaurs
  14 crocodiles
  2 big kobolds (D:10)
  25 bullfrogs
  A gnoll sergeant (Orc:2)
  5 scorpions
  7 wights
  12 killer bees
  4 howler monkeys
  7 crimson imps
  A quasit (D:10)
  2 bullfrog zombies (D:12)
  6 hounds
  A jelly (D:5)
  22 orc wizards
  4 centaur skeletons
  16 orc priests
  2 bullfrog skeletons
  2 iguanas
  15 worker ants
  4 hell rats (Lair:2)
  A killer bee zombie (D:8)
  3 worker ant zombies
  3 gnolls (Orc:2)
  13 adders
  5 shadow imps
  An ooze (D:1)
  An adder zombie (D:6)
  2 worms (D:3)
  2 dart slugs (D:1)
  3 leopard geckos
  71 orcs
  2 giant cockroaches
  14 goblins
  11 hobgoblins
  18 jackals
  A quokka (D:10)
  2 ball pythons
  7 bats
  5 frilled lizards
  23 kobolds
  A quokka skeleton (D:7)
  7 rats
  A toadstool (Lair:6)
756 creatures vanquished.

Vanquished Creatures (collateral kills)
  Rupert (Orc:2)
  A vault guard (D:14)
  2 hydras
  2 two-headed ogres
  2 death yaks (D:10)
  A tengu warrior (D:15)
  A shock serpent (Orc:2)
  A cyclops (Orc:2)
  A manticore (D:15)
  The ghost of xgamer67 the Skirmisher, a novice HuMo (D:5)
  A spiny frog (Swamp:1)
  A centaur skeleton (D:10)
  A gargoyle (D:10)
  A troll (Orc:1)
  A tyrant leech (Swamp:1)
  3 slime creatures (D:12)
  A dream sheep (Lair:6)
  3 spriggans (Lair:6)
  8 yaks
  The ghost of xgamer67 the Skirmisher, an amateur HuMo (D:3)
  2 hungry ghosts
  2 vampire mosquitoes (Swamp:1)
  A swamp worm (Swamp:1)
  A warg (Orc:2)
  3 water moccasins
  3 porcupines (Lair:1)
  10 orc warriors
  An ice beast (D:5)
  A black bear (D:6)
  10 wolves
  2 ogres (Orc:2)
  2 necrophages
  A phantom (D:4)
  A boggart (Lair:6)
  A crocodile (Lair:1)
  2 big kobolds
  3 bullfrogs
  A wyvern skeleton (D:4)
  A scorpion (D:12)
  3 killer bees
  A howler monkey (D:11)
  A crimson imp (D:6)
  10 orc priests
  A hound (D:4)
  A bullfrog skeleton (D:10)
  A jelly (D:6)
  10 orc wizards
  Jessica (D:3)
  An iguana (D:11)
  A worker ant (D:12)
  A hell rat (Lair:2)
  A worker ant zombie (D:6)
  A shadow imp (D:10)
  An ooze (D:4)
  A leopard gecko (D:7)
  28 orcs
  A jackal (D:8)
  3 kobolds (D:11)
  A quokka (D:6)
151 creatures vanquished.

Vanquished Creatures (others)
  A swamp dragon (Swamp:3)
  4 oklob plants
  A redback zombie (D:14)
  69 wandering mushrooms
  A bog body (Swamp:2)
  A water moccasin (Lair:1)
  A porcupine (Lair:1)
  A bullfrog skeleton (D:9)
  An orc (D:10)
  6 fungi
  4 plants
  626 toadstools
  2 withered plants (D:15)
718 creatures vanquished.

Grand Total: 1625 creatures vanquished

Notes
Turn   | Place    | Note
-------+----------+-------------------------------------------
     0 | D:1      | xgamer67 the Human Monk began the quest for the Orb.
     0 | D:1      | Reached XP level 1. HP: 18/18 MP: 1/1
   219 | D:1      | Reached XP level 2. HP: 24/24 MP: 2/2
   534 | D:1      | Reached XP level 3. HP: 30/30 MP: 3/3
  1348 | D:2      | Reached XP level 4. HP: 38/38 MP: 4/4
  1654 | D:2      | Found a shattered altar of Ashenzari.
  2049 | D:2      | Found a blossoming altar of Fedhas.
  2055 | D:2      | Became a worshipper of Fedhas Madash
  2055 | D:2      | Reached * piety under Fedhas
  2055 | D:2      | Reached ** piety under Fedhas
  2835 | D:3      | Found an opulent altar of Gozag.
  2847 | D:3      | Noticed xgamer67's ghost (amateur HuMo)
  2855 | D:3      | Killed xgamer67's ghost
  2855 | D:3      | Reached skill level 5 in Fighting
  2855 | D:3      | Reached XP level 5. HP: 35/44 MP: 5/5
  3120 | D:3      | Noticed Jessica
  3134 | D:3      | Killed Jessica
  3134 | D:3      | Reached skill level 1 in Armour
  3134 | D:3      | Reached XP level 6. HP: 44/51 MP: 6/6
  3569 | D:3      | Found a deep blue altar of Sif Muna.
  3950 | D:4      | Noticed a phantom
  4001 | D:4      | Killed a phantom
  4179 | D:4      | Reached XP level 7. HP: 28/56 MP: 7/7
  4366 | D:4      | Reached skill level 5 in Stealth
  5049 | D:5      | Entered Level 5 of the Dungeon
  5147 | D:5      | Noticed xgamer67's ghost (novice HuMo)
  5172 | D:5      | Killed xgamer67's ghost
  5183 | D:5      | Reached XP level 8. HP: 28/65 MP: 8/8
  5515 | D:5      | Found an iron altar of Okawaru.
  6441 | D:6      | Found a transporter.
  6442 | D:6      | Found a transporter.
  6449 | D:6      | Found an iron altar of Okawaru.
  6451 | D:6      | Reached skill level 1 in Maces & Flails
  6568 | D:6      | Found Poasoj's Magic Scroll Shoppe.
  6579 | D:6      | Reached skill level 2 in Maces & Flails
  6639 | D:6      | Bought a scroll of identify for 28 gold pieces
  6639 | D:6      | Bought a scroll of identify for 28 gold pieces
  6639 | D:6      | Bought a scroll of identify for 28 gold pieces
  6639 | D:6      | Bought a scroll of identify for 28 gold pieces
  6639 | D:6      | Bought a scroll of immolation for 49 gold pieces
  6639 | D:6      | Bought a scroll of fog for 28 gold pieces
  6639 | D:6      | Bought a scroll of magic mapping for 49 gold pieces
  6639 | D:6      | Bought a scroll of teleportation for 42 gold pieces
  6795 | D:6      | Reached skill level 3 in Maces & Flails
  7124 | D:6      | Reached skill level 4 in Maces & Flails
  7124 | D:6      | Reached XP level 9. HP: 68/71 MP: 9/9
  7137 | D:6      | Found a staircase to the Ecumenical Temple.
  7384 | D:6      | Reached skill level 5 in Maces & Flails
  7722 | D:7      | Reached skill level 6 in Maces & Flails
  7987 | D:7      | Reached skill level 7 in Maces & Flails
  8208 | D:7      | Noticed a two-headed ogre
  8232 | D:7      | Killed a two-headed ogre
  8232 | D:7      | Reached skill level 8 in Maces & Flails
  8448 | D:7      | Reached XP level 10. HP: 78/78 MP: 10/10
  8708 | D:7      | Reached skill level 9 in Maces & Flails
  8783 | D:8      | Noticed a two-headed ogre
  8794 | D:8      | Killed a two-headed ogre
  8809 | D:8      | Found a sacrificial altar of Ru.
  8845 | D:8      | Reached skill level 10 in Maces & Flails
  9433 | D:8      | Reached skill level 11 in Maces & Flails
  9839 | D:8      | Found Xunwum's Gadget Boutique.
  9846 | D:8      | Bought a wand of paralysis (5/24) for 91 gold pieces
  9881 | D:8      | Noticed a two-headed ogre
  9892 | D:8      | Killed a two-headed ogre
 10463 | D:9      | Found a radiant altar of Vehumet.
 10464 | D:9      | Found a burning altar of Makhleb.
 10503 | D:9      | Found Efusist's Antique Weapon Boutique.
 10740 | D:9      | Found Meilax's Food Emporium.
 10984 | D:9      | Found Xijysmop's Antique Weapon Shoppe.
 11038 | D:9      | Noticed Prince Ribbit
 11053 | D:9      | Killed Prince Ribbit
 11053 | D:9      | Reached skill level 12 in Maces & Flails
 11162 | D:9      | Found Cilioth's Antique Weapon Shoppe.
 11257 | D:10     | Entered Level 10 of the Dungeon
 11306 | D:10     | Reached XP level 11. HP: 37/83 MP: 11/11
 11522 | D:10     | Noticed a death yak
 11525 | D:10     | Found a staircase to the Lair.
 11544 | D:10     | Killed a death yak
 11544 | D:10     | Reached skill level 5 in Armour
 11638 | D:10     | Noticed a death yak
 11665 | D:10     | Noticed a death yak
 11666 | D:10     | Reached skill level 5 in Dodging
 11674 | D:10     | Killed a death yak
 12229 | D:10     | Noticed a green ugly thing
 12257 | D:10     | Killed a green ugly thing
 12572 | D:10     | Killed a death yak
 12901 | D:10     | Noticed a necromancer
 13275 | D:10     | Killed a necromancer
 13335 | D:10     | Paralysed by a hornet for 1 turns
 13557 | D:10     | Learned a level 2 spell: Passwall
 13560 | D:10     | Learned a level 2 spell: Swiftness
 14147 | D:9      | Bought a scorched morningstar for 243 gold pieces
 14147 | D:9      | Identified the cursed +1 morningstar "Buapti" {flame, *Drain rElec MR+ Int+7} (You bought it in a shop on level 9 of the Dungeon)
 14371 | D:11     | Noticed a cyclops
 14390 | D:11     | Killed a cyclops
 14723 | D:11     | Reached XP level 12. HP: 32/91 MP: 12/12
 15125 | D:11     | Found Bualeulu's Weapon Boutique.
 15125 | D:11     | Found a staircase to the Orcish Mines.
 15457 | D:11     | Found Jaimyg's Armour Boutique.
 15520 | D:11     | Bought a +0 pair of gloves of dexterity for 161 gold pieces
 15601 | D:11     | Noticed Harold
 15618 | D:11     | Killed Harold
 15618 | D:11     | Reached skill level 1 in Shields
 16242 | Lair:1   | Entered Level 1 of the Lair of Beasts
 16242 | Lair:1   | Noticed a seven-headed hydra
 16245 | Lair:1   | Killed a seven-headed hydra
 16245 | Lair:1   | Reached skill level 13 in Maces & Flails
 17175 | Lair:1   | Got a dazzling broad axe
 17188 | Lair:1   | Learned a level 1 spell: Apportation
 17190 | Lair:1   | Learned a level 1 spell: Summon Butterflies
 17192 | Lair:1   | Identified the +7 broad axe "Viesuallin" {chop, +Rage rElec rF+ MR+} (You found it on level 1 of the Lair of Beasts)
 18217 | Lair:1   | Reached skill level 5 in Shields
 18618 | Lair:2   | Noticed Fannar
 18637 | Lair:2   | Killed Fannar
 18637 | Lair:2   | Reached skill level 5 in Axes
 18637 | Lair:2   | Reached XP level 13. HP: 34/96 MP: 13/13
 18913 | Lair:2   | Found a hole to the Spider Nest.
 19303 | Lair:2   | Noticed Urug
 19330 | Lair:2   | Killed Urug
 20445 | Lair:3   | Found a staircase to the Swamp.
 20470 | Lair:3   | Reached skill level 14 in Maces & Flails
 21902 | Lair:4   | Noticed an eight-headed hydra
 21913 | Lair:4   | Killed an eight-headed hydra
 22066 | Lair:4   | Noticed a four-headed hydra
 22077 | Lair:4   | Killed a four-headed hydra
 22426 | Lair:4   | Reached skill level 15 in Maces & Flails
 22808 | Lair:5   | Noticed a seven-headed hydra
 22816 | Lair:5   | Killed a seven-headed hydra
 23025 | Lair:5   | Found a staircase to the Slime Pits.
 23025 | Lair:5   | Found a viscous altar of Jiyva.
 23325 | Lair:5   | Got an encrusted leather armour
 23326 | Lair:5   | Identified the +3 leather armour "Pudghai" {*Corrode rC+ Int+2 Dex+3 SInv} (You found it on level 5 of the Lair of Beasts)
 23549 | Lair:5   | Noticed a five-headed hydra
 23562 | Lair:5   | Killed a five-headed hydra
 24070 | Lair:6   | Entered Level 6 of the Lair of Beasts
 24215 | Lair:6   | Reached skill level 16 in Maces & Flails
 24229 | Lair:6   | HP: 3/96 [wolf (5)]
 24232 | Lair:6   | Reached XP level 14. HP: 30/103 MP: 14/14
 26022 | Lair:6   | Reached skill level 17 in Maces & Flails
 27215 | D:6      | Bought a scroll of summoning for 133 gold pieces
 27215 | D:6      | Bought a scroll of enchant weapon for 105 gold pieces
 27215 | D:6      | Bought a scroll of magic mapping for 49 gold pieces
 27518 | D:12     | Reached skill level 1 in Invocations
 28572 | D:12     | Reached skill level 5 in Invocations
 29991 | D:13     | Reached XP level 15. HP: 94/108 MP: 20/20
 30930 | D:13     | Reached skill level 1 in Evocations
 31333 | D:14     | Learned a level 3 spell: Lesser Beckoning
 31339 | D:14     | Learned a level 4 spell: Passage of Golubria
 31475 | D:14     | Found a gate to the Vaults.
 32244 | D:14     | Found a glowing golden altar of the Shining One.
 32485 | D:15     | Entered Level 15 of the Dungeon
 33258 | D:15     | Found a staircase to the Depths.
 33286 | D:15     | Reached skill level 10 in Armour
 33286 | D:15     | Reached skill level 5 in Evocations
 35461 | D:14     | Reached XP level 16. HP: 115/115 MP: 22/22
 35596 | Orc:1    | Entered Level 1 of the Orcish Mines
 36061 | Orc:1    | Found a roughly hewn altar of Beogh.
 36226 | Orc:1    | Found a roughly hewn altar of Beogh.
 36631 | Orc:2    | Entered Level 2 of the Orcish Mines
 36631 | Orc:2    | Noticed Rupert
 36869 | Orc:2    | Killed Rupert
 37987 | Orc:2    | Found a staircase to the Elven Halls.
 39065 | Orc:2    | Found Imoacuf's Distillery.
 39080 | Orc:2    | Found Nuakkiv's Distillery.
 39145 | Orc:2    | Found Yczoewkatesk's Distillery.
 39264 | Orc:2    | Bought a potion of curing for 39 gold pieces
 39264 | Orc:2    | Bought a potion of flight for 39 gold pieces
 39268 | Orc:2    | Found Olegannush's Antique Armour Shoppe.
 39601 | Orc:2    | Bought 2 potions of haste for 260 gold pieces
 39609 | Orc:2    | Bought 2 potions of heal wounds for 110 gold pieces
 39617 | Orc:2    | Bought 3 potions of might for 156 gold pieces
 39619 | Orc:2    | Bought a runed helmet for 225 gold pieces
 39624 | Orc:2    | Bought a glowing plate armour for 780 gold pieces
 39849 | Swamp:1  | Entered Level 1 of the Swamp
 40215 | Swamp:1  | Reached *** piety under Fedhas
 41455 | Swamp:2  | Noticed Louise
 41478 | Swamp:2  | Killed Louise
 42342 | Swamp:3  | Noticed Jorgrun
 42342 | Swamp:3  | Reached XP level 17. HP: 127/127 MP: 22/24
 42396 | Swamp:2  | Slain by a swamp worm

Vault maps used:
D:1:      dpeg_arrival_renting
D:2:      fedhas_altar_4, serial_glass, glass_columns_b, glass_columns_c,
          nicolae_ashenzari_panopticon
D:3:      lemuel_coloured_pillars_altar, grunt_gozag_statues, first_bread,
          uniq_jessica
D:4:      minmay_ogre_servants
D:5:      lemuel_upstairs_altar, okawaru_metal_pillars_1_2
D:6:      gammafunk_temple_overflow_arena, minmay_temple_entry_statues_pillars,
          kennysheep_diamond, minmay_misc_feat_iff
D:8:      special_room, basic_altar, serial_shops, shop, blue_anna_alchemist
D:9:      grunt_temple_overflow_lords_of_destruction, serial_shops,
          nicolae_shop_behind_doors, kennysheep_mini, shop,
          nicolae_shop_waterfront, lemuel_flame_loot_1, uniq_prince_ribbit1
D:10:     kennysheep_blocky_hall, dpeg_lair_monsters, minmay_three_doors
D:11:     orc_david_3, uniq_harold
D:12:     minmay_cornered_nines
D:14:     lightli_vaults_fourway_checkpoint, tso_altar
D:15:     gammafunk_depths_entry_grave, hangedman_decor_push
Lair:1:   serial_bayou_shore_a, grunt_megastairs_1, minmay_lair_oklob_chamber
Lair:2:   spider_nest_entry_web_field, grunt_megastairs_3, uniq_fannar,
          uniq_urug
Lair:3:   swamp_mist
Lair:4:   minivault_27
Lair:5:   slime_altar_1
Lair:6:   minmay_lair_end_enchanted_forest, serial_bayou_pond_e,
          serial_bayou_pond_d
Swamp:1:  evilmike_swamp_ruin_house_1, swamp_pool4
Swamp:2:  evilmike_swamp_ruin_wall, uniq_louise
Swamp:3:  nicolae_swamp_feature_on_the_river_bank, uniq_jorgrun
Orc:1:    basic_altar, bh_open_orc_temple
Orc:2:    st_orc_elflike, uniq_rupert

Skill      XL: |  1  2  3  4  5  6  7  8  9 10 11 12 13 14 15 16 |
---------------+-------------------------------------------------+-----
Fighting       | 4 5 6 7 9 |  9.8
Stealth        | 3 4 5 |  5.1
Armour         | 1 2 3 4 7 8 11 13 | 13.0
Dodging        | 4 7 8 |  8.0
Maces & Flails | 4 8 12 13 16 17 | 17.5
Shields        | 5 6 |  6.1
Axes           | 5 |  5.6
Invocations    | 7 8 9 |  9.3
Evocations     | 7 |  7.0

Action                   |  1- 3 |  4- 6 |  7- 9 | 10-12 | 13-15 | 16-18 || total
-------------------------+-------+-------+-------+-------+-------+-------++-------
Melee: Hand axe          |    28 |       |       |       |       |       ||    28
       Dagger            |    62 |   190 |   152 |       |       |       ||   404
       Whip              |       |       |   186 |   565 |       |       ||   751
       Morningstar       |       |       |       |   272 |       |       ||   272
       Broad axe         |       |       |       |   103 |    40 |       ||   143
       Eveningstar       |       |       |       |       |  1374 |   621 ||  1995
Invok: Evolution         |       |     9 |     3 |    19 |    35 |    13 ||    79
       Fungal Bloom      |       |    11 |    12 |    43 |    78 |    38 ||   182
 Abil: Evoke Berserk Rag |       |       |       |       |       |     1 ||     1
Evoke: Wand              |       |       |       |       |     2 |     4 ||     6
       Lightning rod     |       |       |       |       |       |     4 ||     4
  Use: Scroll            |       |       |    13 |    17 |    14 |       ||    44
       Potion            |       |       |       |     1 |     4 |     4 ||     9
 Stab: Sleeping          |     5 |     1 |     1 |     6 |     8 |       ||    21
       Confused          |       |       |       |     8 |     7 |     8 ||    23
       Distracted        |       |       |       |     1 |       |     2 ||     3
  Eat: Chunk             |       |    10 |    14 |    20 |    41 |     7 ||    92
       Royal jelly       |       |       |       |     2 |     5 |     1 ||     8
       Bread ration      |       |       |       |     2 |     1 |     3 ||     6
Armor: Robe              |     3 |       |       |       |       |       ||     3
       Leather armour    |    14 |    23 |       |       |       |       ||    37
       Ring mail         |       |    20 |     3 |       |       |       ||    23
       Scale mail        |       |       |    48 |   207 |   404 |    66 ||   725
       Chain mail        |       |       |   106 |    42 |       |       ||   148
       Plate armour      |       |       |       |       |       |   146 ||   146
Dodge: Dodged            |    59 |   115 |   157 |   398 |   755 |   241 ||  1725
Block: Buckler           |       |       |       |    44 |   353 |   131 ||   528
